 Dungeon Crawl Stone Soup version 0.24-a0-264-gf46a388 (webtiles) character file.

Game seed: 2737559072870476418

926 Laiders72 the Cudgeler (level 7, -7/66 HPs)
             Began as a Deep Dwarf Fighter on Apr 21, 2019.
             Mangled by a two-headed ogre
             ... wielding a +0 giant club
              (21 damage)
             ... on level 6 of the Dungeon.
             The game lasted 00:11:10 (4149 turns).

Laiders72 the Cudgeler (Deep Dwarf Fighter)         Turns: 4149, Time: 00:11:11

Health: -7/66      AC: 10    Str: 21    XL:     7   Next: 85%
Magic:  5/5        EV:  7    Int: 12    God:
Gold:   78         SH: 10    Dex: 13    Spells: 6/6 levels left

rFire    . . .     SeeInvis .   p - +6 long sword of Hacking and Slashing {freeze, Int+4}
rCold    . . .     Gourm    .   c - +0 shield
rNeg     . . .     Faith    .   b - +0 scale mail
rPois    .         Spirit   .   m - +0 helmet
rElec    .         Reflect  .   y - +0 cloak
rCorr    .         Harm     .   (no gloves)
MR       +....                  l - +0 pair of boots
Stlth    ..........             (no amulet)
HPRegen  0.00/turn              (no ring)
MPRegen  0.09/turn              (no ring)

@: starving, non-regenerating
A: damage resistance, heal wounds, sense surroundings 1, no regeneration
a: Heal Wounds


You were on level 6 of the Dungeon.
You were starving.

You visited 2 branches of the dungeon, and saw 7 of its levels.

You collected 325 gold pieces.
You spent 247 gold pieces at shops.

Inventory:

Hand Weapons
 a - a +0 flail
 p - the +6 long sword of Hacking and Slashing (weapon) {freeze, Int+4}
   (You found it on level 4 of the Dungeon)

   It has been specially enchanted to freeze those struck by it, causing extra
   injury to most foes and up to half again as much damage against particularly
   susceptible opponents.
   It can also slow down cold-blooded creatures.
   It affects your intelligence (+4).
Armour
 b - a +0 scale mail (worn)
 c - a +0 shield (worn)
 l - a +0 pair of boots (worn)
 m - a +0 helmet (worn)
 y - a +0 cloak (worn)
Scrolls
 g - a scroll of remove curse
 h - 4 scrolls of identify
 i - a scroll of fog
 j - 6 scrolls of teleportation
 k - a scroll of immolation {unknown}
 n - 2 scrolls of amnesia {unknown}
 s - a scroll of vulnerability {unknown}
 t - a scroll of enchant armour {unknown}
 u - a scroll of blinking {unknown}
 x - a scroll of enchant weapon {unknown}
Potions
 d - a potion of might
 e - 3 potions of cancellation
 o - 2 potions of heal wounds
 q - a potion of haste
 r - a potion of mutation
 v - a potion of resistance
 w - a potion of curing
Comestibles
 f - 7 rations


   Skills:
 + Level 4.9 Fighting
 * Level 6.6 Maces & Flails
 - Level 3.2 Armour
 + Level 5.8 Shields


You had 6 spell levels left.
You didn't know any spells.
Your spell library was empty.

Dungeon Overview and Level Annotations

Branches:
Dungeon (6/15)             Temple (1/1) D:6

Altars:
Ashenzari
Dithmenos
Fedhas
Gozag
Hepliaklqana
Kikubaaqudgha
Nemelex Xobeh
Okawaru
Qazlal
Sif Muna
Vehumet
Wu Jian
Xom
Yredelemnul
Zin
The Shining One

Shops:
D:5 !

Annotations:
D:5 3 runed translucent doors, Syader's ghost, amateur DsHu


Innate Abilities, Weirdness & Mutations

You are resistant to damage.
You can heal yourself by infusing magical energy.
You passively map a small area around you.
You do not regenerate.


Message History

You closely miss the crimson imp.
The crimson imp is moderately wounded.
The crimson imp blinks!
The crimson imp hits you but does no damage.
You hit the two-headed ogre but do no damage.
The two-headed ogre hits you with a +0 giant club!
You block the two-headed ogre's attack.
The crimson imp hits you but does no damage.
You slash the two-headed ogre! You freeze the two-headed ogre.
The two-headed ogre is moderately wounded.
The two-headed ogre hits you with a +0 giant club!
* * * LOW HITPOINT WARNING * * *
You block the two-headed ogre's attack. The crimson imp closely misses you.
You slash the two-headed ogre! You freeze the two-headed ogre.
The two-headed ogre is heavily wounded.
The crimson imp blinks!
The two-headed ogre hits you with a +0 giant club!
* * * LOW HITPOINT WARNING * * *
The two-headed ogre hits you with a +0 giant spiked club!!
You die...

#.................#
#.........#.#.#.#....#
#.........#.#.#.######
#########.#...#.#
#.###.#.# ###.......#
<#.........#
*,#.§.......#
#..@......#
#....O..##############
#.......# #.........
##.$....# #.........
#......# , +...).....
#...5..# ,##........#
#......# ..(........
#......# #...........
, ........†).


You could see a two-headed ogre and a crimson imp.

Vanquished Creatures
  A sky beast (D:6)
  2 ogres
  Blork the orc (D:5)
  A gnoll sergeant (D:4)
  A scorpion (D:6)
  3 crimson imps
  A bullfrog skeleton (D:4)
  A centaur skeleton (D:5)
  Crazy Yiuf (D:5)
  An iguana (D:4)
  4 worker ants (D:4)
  4 gnolls (D:4)
  7 adders
  An ooze (D:1)
  An adder skeleton (D:6)
  2 worms
  A dart slug (D:3)
  3 leopard geckos
  2 orcs (D:4)
  A ball python (D:2)
  8 bats
  10 giant cockroaches
  12 goblins
  6 hobgoblins
  6 jackals
  8 kobolds
  A quokka (D:3)
  5 frilled lizards
  A giant cockroach zombie (D:5)
  2 quokka zombies (D:5)
  2 rats
100 creatures vanquished.

Vanquished Creatures (others)
  A bat (D:2)
1 creature vanquished.

Grand Total: 101 creatures vanquished

Notes
Turn   | Place    | Note
-------+----------+-------------------------------------------
     0 | D:1      | Laiders72 the Deep Dwarf Fighter began the quest for the
                  | Orb.
     0 | D:1      | Reached XP level 1. HP: 20/20 MP: 1/1
    74 | D:1      | Reached XP level 2. HP: 22/27 MP: 2/2
   533 | D:1      | Reached XP level 3. HP: 34/34 MP: 3/3
   883 | D:2      | Found a radiant altar of Vehumet.
  1004 | D:2      | Reached skill level 3 in Maces & Flails
  1221 | D:2      | Reached XP level 4. HP: 30/42 MP: 4/4
  1252 | D:2      | Found a shattered altar of Ashenzari.
  1252 | D:2      | Found a deep blue altar of Sif Muna.
  1961 | D:3      | Found a shadowy altar of Dithmenos.
  2182 | D:3      | Reached skill level 4 in Maces & Flails
  2182 | D:3      | Reached XP level 5. HP: 37/49 MP: 5/5
  2304 | D:4      | Found a shimmering altar of Xom.
  2397 | D:4      | Noticed an ogre
  2413 | D:4      | Killed an ogre
  2413 | D:4      | Reached XP level 6. HP: 21/57 MP: 5/5
  2453 | D:4      | Reached skill level 5 in Maces & Flails
  2579 | D:4      | Reached skill level 5 in Shields
  2621 | D:4      | Got a smoking long sword
  2622 | D:4      | Identified the +6 long sword of Hacking and Slashing
                  | {freeze, Int+4} (You found it on level 4 of the Dungeon)
  3066 | D:5      | Entered Level 5 of the Dungeon
  3092 | D:5      | Reached XP level 7. HP: 64/66 MP: 5/5
  3151 | D:5      | Noticed Blork the orc
  3156 | D:5      | Killed Blork the orc
  3288 | D:5      | Found a runed translucent gate.
  3288 | D:5      | Found a runed translucent gate.
  3288 | D:5      | Found a runed translucent gate.
  3288 | D:5      | Noticed Syader's ghost (amateur DsHu)
  3315 | D:5      | Reached skill level 6 in Maces & Flails
  3378 | D:5      | Found Naatiocs's Distillery.
  3383 | D:5      | Bought a potion of degeneration for 13 gold pieces
  3383 | D:5      | Bought a potion of resistance for 130 gold pieces
  3383 | D:5      | Bought a potion of heal wounds for 65 gold pieces
  3383 | D:5      | Bought a potion of curing for 39 gold pieces
  3436 | D:5      | Found a runed translucent door.
  3437 | D:5      | Noticed Crazy Yiuf
  3498 | D:5      | Found a glowing golden altar of the Shining One.
  3751 | D:5      | Killed Crazy Yiuf
  3883 | D:6      | Found a staircase to the Ecumenical Temple.
  3902 | Temple   | Entered the Ecumenical Temple
  4143 | D:6      | Noticed a two-headed ogre
  4149 | D:6      | Mangled by a two-headed ogre

Levels and vault maps discovered:
D:1:      lemuel_arrival_muddy, layout_rooms, chequers_big_river,
          roderic_lattice_a
D:2:      layout_loops_ring, fiery_altar_vehumet,
          gammafunk_temple_overflow_wave, serial_forest,
          infiniplex_forest_straight_2, infiniplex_forest_lined_2,
          infiniplex_forest_lined_4_way, infiniplex_forest_clump_double,
          infiniplex_forest_lined_3_way
D:3:      layout_rooms, lemuel_coloured_pillars_altar, first_ration
D:4:      layout_basic, xom_confusion_cloud, lightli_minifort
D:5:      layout_loops_cross, lemuel_doored_altar, gammafunk_ghost_split,
          serial_shops, shop, chequers_serial_rivers_marsh,
          uniq_crazy_yiuf_cottage, uniq_blork_the_orc
D:6:      layout_basic, minmay_temple_entry_trees
Temple:   cyrus_temple_forest

Skill      XL: |  1  2  3  4  5  6  7 |
---------------+----------------------+-----
Fighting       | 3 4 |  4.9
Maces & Flails | 3 4 5 6 |  6.6
Shields        | 4 5 |  5.8
Armour         | |  3.2

Action                   |  1- 3 |  4- 6 |  7- 9 || total
-------------------------+-------+-------+-------++-------
Melee: Flail             |   148 |   218 |       ||   366
       Long sword        |       |    10 |    49 ||    59
 Abil: Heal Wounds       |     1 |     9 |       ||    10
  Use: Scroll            |     1 |     6 |       ||     7
  Eat: Chunk             |     1 |     6 |     2 ||     9
Armor: Scale mail        |    79 |   159 |    11 ||   249
Dodge: Dodged            |    52 |   109 |     9 ||   170
Block: Shield            |    86 |   200 |    21 ||   307
       Rpst.: Long sword |       |     1 |       ||     1

Table legend:
 A = Non-vault XP
 B = Vault XP
 C = Vault XP percentage of total XP
 D = Non-vault monster count
 E = Vault monster count
 F = Vault count percentage of total count
                 A         B        C        D         E       F
            +---------+---------+-------+---------+---------+-------
      Total |     893 |     430 |  32.5 |      87 |      13 |  13.0
            +---------+---------+-------+---------+---------+-------
        D:1 |      46 |       0 |   0.0 |      24 |       0 |   0.0
        D:2 |      76 |       0 |   0.0 |      23 |       0 |   0.0
        D:3 |      84 |       0 |   0.0 |      19 |       0 |   0.0
        D:4 |     208 |     301 |  59.1 |       6 |      11 |  64.7
        D:5 |     275 |     129 |  31.9 |      10 |       2 |  16.7
        D:6 |     204 |       0 |   0.0 |       5 |       0 |   0.0
            +---------+---------+-------+---------+---------+-------
